 Dungeon Crawl Stone Soup version 0.22-a0-223-g0f5d773 (webtiles) character file.

69969 Gorglomux the Blinker (level 14, -1/72 HPs)
             Began as a Spriggan Warper on Feb 19, 2018.
             Was the Champion of Hepliaklqana.
             Killed from afar by a battlesphere (6 damage)
             ... created by a tengu reaver
             ... on level 13 of the Dungeon.
             The game lasted 01:50:53 (36341 turns).

Gorglomux the Blinker (Spriggan Warper)            Turns: 36341, Time: 01:51:16

Health: -1/72      AC:  6    Str:  7    XL:     14   Next: 92%
Magic:  27/33      EV: 21    Int: 19    God:    Hepliaklqana [******]
Gold:   1482       SH:  0    Dex: 23    Spells: 33/41 levels left

rFire    . . .     SeeInvis +   C - +2 rapier (venom)
rCold    . . .     Gourm    .   (shield restricted)
rNeg     . . .     Faith    .   U - +2 robe of Vumpun {Dex+7}
rPois    .         Spirit   .   (helmet restricted)
rElec    .         Reflect  .   u - +1 cloak
rCorr    .         Harm     .   (gloves unavailable)
MR       ++...                  (boots unavailable)
Stlth    ++++++....             n - amulet of rage
HPRegen  0.22/turn              y - +4 ring of slaying
MPRegen  0.23/turn              K - +1 ring of slaying

@: very quick
A: very small, unfitting armour, reduced essence, see invisible, herbivore,
speed 3, slow metabolism 2
a: Recall Ancestor, Ancestor Identity, Transference, Idealise, Renounce
Religion, Evoke Berserk Rage


You were on level 13 of the Dungeon.
You worshipped Hepliaklqana.
Hepliaklqana was exalted by your worship.
You were hungry.

You visited 3 branches of the dungeon, and saw 20 of its levels.
You also visited: Sewer.

You collected 1482 gold pieces.

Inventory:

Hand Weapons
 q - a +0 blowgun
 r - a +1 dagger of holy wrath
 C - a +2 rapier of venom (weapon)
 J - a +0 dagger of speed
Missiles
 e - a tomahawk of dispersal (quivered)
 p - 6 exploding tomahawks
 F - 16 curare-tipped needles
Armour
 u - a +1 cloak (worn)
 U - the +2 robe of Vumpun (worn) {Dex+7}
   (You found it on level 5 of the Dungeon)

   It affects your dexterity (+7).
Jewellery
 c - an uncursed ring of protection from cold
 i - an uncursed amulet of faith {unknown}
 n - an amulet of rage (around neck)
 x - an uncursed ring of positive energy {unknown}
 y - a +4 ring of slaying (left hand)
 K - a +1 ring of slaying (right hand)
Wands
 g - a wand of disintegration (14)
 z - a wand of flame (44)
 A - a wand of acid (12)
 E - a wand of enslavement (53)
 I - a wand of iceblast (33)
 S - a wand of scattershot (3)
Scrolls
 j - a scroll of enchant armour
 w - 3 scrolls of immolation
 B - 3 scrolls of blinking
 D - 9 scrolls of remove curse
 L - 3 scrolls of amnesia
 M - 4 scrolls of magic mapping
 P - 2 scrolls of fear
 R - 2 scrolls of identify
 T - 4 scrolls of teleportation
 Z - 4 scrolls of enchant weapon
Potions
 k - 2 potions of degeneration {unknown}
 l - 3 potions of mutation {!q}
 m - a potion of magic {unknown}
 o - 4 potions of flight
 s - a potion of agility
 t - a potion of lignification
 v - a potion of cancellation
 G - 5 potions of haste
 H - 7 potions of brilliance
 N - 3 potions of resistance
 O - a potion of ambrosia
 Q - 4 potions of curing
 V - 2 potions of might
 W - 2 potions of invisibility
Miscellaneous
 h - a lightning rod (2/4)
 X - a phial of floods
Comestibles
 Y - 21 rations


   Skills:
 - Level 12.8 Fighting
 - Level 4.0 Short Blades
 - Level 1.0 Throwing
 + Level 5.0 Dodging
 - Level 15.1 Stealth
 - Level 14.1 Spellcasting
 - Level 19.0 Translocations
 - Level 6.0 Evocations


You had 33 spell levels left.
You knew the following spells:

 Your Spells              Type           Power        Failure   Level  Hunger
a - Gell's Gravitas       Tloc           ######....   0%          3    None
d - Blink                 Tloc           N/A          0%          2    None
h - Shroud of Golubria    Chrm/Tloc      #####.....   1%          2    None
B - Summon Butterflies    Summ           ##......     4%          1    None


Dungeon Overview and Level Annotations

Branches:
Dungeon (13/15)            Temple (1/1) D:6            Lair (6/6) D:11
 Shoals (0/4) Lair:2       Spider (0/4) Lair:2        Slime (0/5) Lair:5
    Orc (0/2) D:12
 Vaults: D:13-14

Altars:
Ashenzari
Cheibriados
Dithmenos
Elyvilon
Fedhas
Gozag
Hepliaklqana
Kikubaaqudgha
Makhleb
Nemelex Xobeh
Okawaru
Qazlal
Ru
Sif Muna
Trog
Uskayaw
Vehumet
Wu Jian
Xom
Yredelemnul
Zin
The Shining One
Jiyva

Annotations:
D:3 Ijyb
D:4 Gorglomux's ghost, amateur SpWr
D:5 jirachi's ghost, amateur HOFi
D:7 2 transporters, Joseph
D:11 Urug
Lair:3 exclusion: downstairs
Lair:4 exclusion: 2 doors
Lair:6 Ghella's ghost, journeyman GnFi


Innate Abilities, Weirdness & Mutations

You are very small and have problems with some larger weapons.
You are too small for most types of armour.
You have supernaturally acute eyesight. (SInv)
You are a herbivore.
You cover ground extremely quickly.
You need consume almost no food.
Your life essence is reduced to manifest your ancestor. (-10% HP)


Message History

Gravity reorients around butt space!
The tengu reaver collides with the butterfly!!!
You annihilate the butterfly!!!
The butterfly collides with the butterfly!!!
You annihilate the butterfly!!! x2
The butterfly collides with the butterfly!!!
You annihilate the butterfly!!! x2
Your butterfly disappears in a puff of smoke!!!
Your butterfly disappears in a butt of butt!!!
Butt's butterfly disappears in a puff of smoke!!!
Your butterfly disappears in a puff of smoke!!! x2
You swap places!
Your butterfly disappears in a puff of smoke!!! x2
The tengu reaver points at you and mumbles some strange butts!
The fireball explodes!!!
The fireball engulfs butt's butterfly!
Your butt-ly dies!!!
The fireball engulfs you!!!
DANG; * * * don't butt
* * * The BATTLESPHERE fires!!!
The barrage of energy hits you!!! rip

.##..##..##..##....# #
.##..##(.##..##....# #
.##..##(.##..##...(# #
Q##..##(.##..##....# #
.##..##..##..##...(# #
.##......##[.##...(# #
.###....###.###....# #
.######## #####....# #
(.# #.(@..# # ..##
##.....# # (..###
###.§....# #
.(...######(.*§.§..# #
(......R..Q§.bb...## #
.(............§..(# #
..............b..## #
#((............### #
########################
#


You could see a tengu reaver and a battlesphere.

Vanquished Creatures
  A yaktaur captain (D:13)
  4 hydras
  A catoblepas (Lair:6)
  3 centaur warriors (D:13)
  A merfolk avatar (Lair:6)
  3 two-headed ogres
  2 death yaks
  Sonja (D:12)
  3 unseen horrors
  A sea snake (Lair:6)
  A deep elf mage (D:13)
  An ugly thing (D:13)
  8 elephants
  3 manticores (D:13)
  4 cyclopes
  A centaur zombie (D:10)
  Maurice (D:13)
  4 black mambas
  A gargoyle (D:13)
  Psyche (D:12)
  6 spiny frogs
  11 komodo dragons
  4 rime drakes (Lair:6)
  A troll (D:12)
  4 hornets
  A polar bear (Lair:2)
  Prince Ribbit (Lair:3)
  17 dream sheep
  A slime creature (D:13)
  12 blink frogs
  4 hippogriffs
  A meliai zombie (D:12)
  3 shadows
  The ghost of Amnesiac the Prestidigitator, an amateur SpAr (D:7)
  A wyvern (D:13)
  A hog (D:8)
  A human (D:8)
  A wraith (D:12)
  3 basilisks
  35 yaks
  2 hungry ghosts
  A warg (D:12)
  3 soldier ants
  13 water moccasins
  2 acid dragons (D:13)
  A floating eye (shapeshifter) (D:13)
  4 porcupines
  2 orc warriors
  An eye of draining (D:12)
  2 ice beasts
  2 sky beasts
  2 necrophages (D:13)
  2 black bears
  4 wolves (Lair:2)
  6 ogres
  6 centaurs
  10 crocodiles
  24 bullfrogs
  A big kobold (D:10)
  A water moccasin zombie (D:8)
  4 scorpions
  A water moccasin skeleton (D:12)
  A wyvern skeleton (D:12)
  8 killer bees
  17 wights
  5 howler monkeys
  9 crimson imps
  A wyvern simulacrum (D:13)
  A quasit (D:10)
  A bullfrog zombie (D:6)
  6 hounds
  5 centaur skeletons
  4 orc priests
  3 jellies
  5 iguanas
  6 knights
  8 orc wizards
  5 worker ants
  2 ancestors (D:7)
  2 worker ant zombies (D:8)
  A gnoll (D:2)
  15 adders
  A howler monkey skeleton (D:5)
  3 river rats (D:6)
  A hound simulacrum (D:11)
  2 shadow imps
  4 white imps
  5 oozes
  An adder skeleton (D:4)
  2 adder zombies (D:6)
  3 worms
  17 leopard geckos
  49 orcs
  9 bats
  12 giant cockroaches
  6 goblins
  10 hobgoblins
  13 jackals
  11 kobolds
  5 quokkas
  14 ball pythons
  11 frilled lizards
  A quokka skeleton (D:4)
  16 rats
  A fungus (D:11)
550 creatures vanquished.

Vanquished Creatures (collateral kills)
  3 hydras
  A centaur warrior (D:13)
  A two-headed ogre (D:13)
  A death yak (Lair:5)
  2 skeletal warriors (D:13)
  A sea snake (Lair:6)
  A harpy (Lair:6)
  An ugly thing (D:12)
  2 oklob plants (Lair:1)
  A cyclops (D:12)
  A merfolk siren (Lair:2)
  5 elephants (Lair:6)
  A centaur skeleton (D:10)
  2 spiny frogs
  A komodo dragon (D:12)
  4 polar bears
  A jumping spider (Lair:2)
  4 blink frogs
  A slime creature (D:13)
  A hippogriff (D:12)
  4 yaks
  2 basilisks
  2 wyverns
  3 hogs (D:8)
  2 wargs (D:12)
  7 water moccasins
  A floating eye (shapeshifter) (D:13)
  3 porcupines (Lair:1)
  3 orc warriors
  2 phantoms
  3 ogres
  A wolf (Lair:2)
  2 crocodiles
  3 bullfrogs
  2 killer bees (D:8)
  4 wights
  2 howler monkeys (D:10)
  3 bullfrog zombies
  A hound (D:12)
  A quasit (D:7)
  A jelly (D:9)
  3 orc wizards
  A worker ant (D:11)
  A howler monkey skeleton (D:6)
  2 oozes (Sewer)
  A leopard gecko (Sewer)
  An orc (D:10)
  2 giant cockroaches (Sewer)
  A jackal (D:10)
  2 ball pythons (Sewer)
  A frilled lizard (Sewer)
  3 plants
105 creatures vanquished.

Vanquished Creatures (others)
  13 knights
  An ancestor (D:8)
  A bush (Lair:2)
  14 fungi
  9 plants
38 creatures vanquished.

Grand Total: 693 creatures vanquished

Notes
Turn   | Place    | Note
-------+----------+-------------------------------------------
     0 | D:1      | Gorglomux the Spriggan Warper began the quest for the Orb.
     0 | D:1      | Reached XP level 1. HP: 10/10 MP: 5/5
   117 | D:1      | Reached skill level 1 in Stealth
   580 | D:1      | Reached XP level 2. HP: 5/14 MP: 6/6
   662 | D:1      | Reached skill level 3 in Stealth
   918 | D:2      | Learned a level 2 spell: Shroud of Golubria
  2196 | D:2      | Reached XP level 3. HP: 8/18 MP: 8/8
  2201 | D:2      | Learned a level 3 spell: Gell's Gravitas
  3636 | D:3      | Reached skill level 3 in Short Blades
  3636 | D:3      | Reached XP level 4. HP: 22/22 MP: 6/9
  3696 | D:3      | Found a faded altar of an unknown god.
  3746 | D:3      | Noticed a bullfrog
  4199 | D:3      | Noticed Ijyb
  4487 | D:3      | Noticed an ogre
  5090 | D:3      | Reached XP level 5. HP: 8/25 MP: 10/10
  5754 | D:4      | Noticed Gorglomux's ghost (amateur SpWr)
  5835 | D:4      | You fall through a shaft!
  5835 | D:5      | Entered Level 5 of the Dungeon
  5847 | D:5      | Noticed jirachi's ghost (amateur HOFi)
  5875 | D:5      | Got a fabulously ornate robe
  5972 | D:4      | Reached skill level 3 in Spellcasting
  6313 | D:3      | Reached skill level 5 in Translocations
  7127 | D:4      | Identified the +2 robe of Vumpun {Dex+7} (You found it on level 5 of the Dungeon)
  7147 | D:4      | Found a burning altar of Makhleb.
  7150 | D:4      | Noticed an Executioner
  7154 | D:4      | Found a glowing silver altar of Zin.
  7154 | D:4      | Noticed an angel
  7197 | D:4      | Reached XP level 6. HP: 15/30 MP: 9/12
  7935 | D:5      | Reached skill level 6 in Translocations
  7938 | D:5      | Found a glowing golden altar of the Shining One.
  8337 | D:6      | Noticed a water moccasin
  8340 | D:6      | Killed a water moccasin
  8340 | D:6      | Reached skill level 7 in Translocations
  8340 | D:6      | Reached XP level 7. HP: 33/33 MP: 13/15
  8437 | D:6      | Reached skill level 6 in Spellcasting
  8462 | D:6      | Reached skill level 8 in Translocations
  8532 | D:6      | Found a staircase to the Ecumenical Temple.
  8543 | Temple   | Entered the Ecumenical Temple
  8659 | Temple   | Became a worshipper of Hepliaklqana the Forgotten
  8823 | D:6      | Reached XP level 8. HP: 21/33 MP: 1/19
  8824 | D:6      | Reached skill level 9 in Translocations
  9098 | D:6      | Found a glowing drain.
  9105 | Sewer    | Entered a sewer
  9326 | Sewer    | Reached skill level 10 in Translocations
  9824 | D:7      | Found a transporter.
  9838 | D:7      | Reached skill level 9 in Spellcasting
  9848 | D:7      | Reached skill level 11 in Translocations
  9948 | D:7      | Found a transporter.
  9966 | D:7      | Found a white marble altar of Elyvilon.
 10009 | D:7      | Reached XP level 9. HP: 21/36 MP: 13/23
 10073 | D:7      | Learned a level 2 spell: Blink
 10403 | D:7      | Noticed Amnesiac's ghost (amateur SpAr)
 10594 | D:7      | Killed Amnesiac's ghost
 10594 | D:7      | Reached skill level 12 in Translocations
 10626 | D:7      | Reached * piety under Hepliaklqana
 10639 | D:7      | Noticed Joseph
 10833 | D:7      | Found an iron altar of Okawaru.
 10833 | D:7      | Found a shattered altar of Ashenzari.
 11496 | D:8      | Noticed a two-headed ogre
 11610 | D:8      | Reached skill level 13 in Translocations
 11908 | D:8      | Reached ** piety under Hepliaklqana
 11909 | D:8      | Remembered your ancestor XTAHUA as a knight
 12053 | D:8      | Reached XP level 10. HP: 24/41 MP: 8/26
 12312 | D:8      | Killed a two-headed ogre
 12312 | D:8      | Reached skill level 12 in Spellcasting
 12312 | D:8      | Reached skill level 14 in Translocations
 12750 | D:9      | Found an ornate altar of the Wu Jian Council.
 13293 | D:9      | Found an ancient bone altar of Kikubaaqudgha.
 13362 | D:10     | Entered Level 10 of the Dungeon
 13522 | D:10     | Reached skill level 15 in Translocations
 13578 | D:10     | Reached *** piety under Hepliaklqana
 13599 | D:10     | You fall through a shaft for 2 floors!
 13863 | D:12     | Noticed Sonja
 13874 | D:12     | Killed Sonja
 14037 | D:12     | Noticed Psyche
 14059 | D:12     | Killed Psyche
 14059 | D:12     | Reached XP level 11. HP: 38/44 MP: 13/29
 14113 | D:12     | Found a staircase to the Orcish Mines.
 14197 | D:11     | Reached skill level 16 in Translocations
 14356 | D:11     | Noticed a four-headed hydra
 14379 | D:11     | Killed a four-headed hydra
 15352 | D:11     | Noticed Urug
 15990 | D:11     | Reached **** piety under Hepliaklqana
 16090 | D:11     | Found a staircase to the Lair.
 16104 | D:11     | Reached skill level 17 in Translocations
 16707 | Lair:1   | Entered Level 1 of the Lair of Beasts
 17135 | Lair:1   | Reached skill level 18 in Translocations
 17662 | Lair:1   | Reached skill level 19 in Translocations
 17891 | Lair:1   | Reached skill level 1 in Evocations
 17962 | Lair:1   | Reached XP level 12. HP: 22/47 MP: 21/31
 18518 | Lair:1   | Reached skill level 3 in Evocations
 18916 | Lair:1   | Reached ***** piety under Hepliaklqana
 19043 | Lair:2   | Found a staircase to the Shoals.
 19188 | Lair:2   | Reached skill level 6 in Evocations
 19189 | Lair:2   | Reached skill level 6 in Stealth
 19302 | Lair:2   | Found a hole to the Spider Nest.
 19769 | Lair:2   | Reached skill level 9 in Stealth
 20483 | Lair:3   | Noticed a four-headed hydra
 21007 | Lair:3   | Killed a four-headed hydra
 21161 | Lair:3   | Noticed a seven-headed hydra
 21167 | Lair:3   | Noticed a five-headed hydra
 21176 | Lair:3   | Killed a seven-headed hydra
 21176 | Lair:3   | Reached skill level 12 in Stealth
 21359 | Lair:3   | Killed a five-headed hydra
 21604 | Lair:3   | Noticed a six-headed hydra
 21610 | Lair:3   | Paralysed by a hornet for 2 turns
 21611 | Lair:3   | HP: 2/47 [hornet (8)]
 22035 | Lair:3   | Killed a six-headed hydra
 22335 | Lair:3   | Noticed Prince Ribbit
 22337 | Lair:3   | Killed Prince Ribbit
 22442 | Lair:3   | Reached skill level 3 in Fighting
 22811 | Lair:3   | Reached XP level 13. HP: 54/54 MP: 32/32
 24428 | Lair:4   | Reached ****** piety under Hepliaklqana
 25225 | Lair:5   | Reached skill level 15 in Stealth
 26191 | Lair:5   | Found a viscous altar of Jiyva.
 26193 | Lair:5   | Found a staircase to the Slime Pits.
 26555 | Lair:6   | Entered Level 6 of the Lair of Beasts
 27009 | Lair:6   | Reached skill level 6 in Fighting
 27174 | Lair:6   | Noticed Ghella's ghost (journeyman GnFi)
 28804 | Lair:6   | Reached skill level 9 in Fighting
 29108 | Lair:6   | Reached XP level 14. HP: 51/67 MP: 17/33
 30236 | Lair:6   | Learned a level 1 spell: Summon Butterflies
 32342 | D:13     | Noticed Maurice
 32361 | D:13     | Killed Maurice
 33538 | D:13     | Reached skill level 12 in Fighting
 33700 | D:13     | HP: 2/72 [manticore/volley of spikes (16)]
 34601 | D:13     | Noticed a tengu reaver
 35805 | D:13     | Noticed a tengu reaver
 36341 | D:13     | Killed from afar by a battlesphere

Vault maps used:
D:1:      sevenhm_arrival_forest_fort_small_6, minmay_cupped
D:2:      serial_bayou, serial_bayou_pond_b, serial_bayou_pond_e,
          serial_bayou_ford_a, serial_bayou_shore_a
D:3:      chequers_ecumenical_altar_lobes, uniq_ijyb
D:4:      grunt_temple_overflow_order_and_chaos_2
D:5:      kennysheep_mini, first_ration
D:6:      minmay_temple_entry_trees, portal_sewer_entry_e
D:7:      gammafunk_steamed_eel, lemuel_round_altar,
          gammafunk_temple_overflow_elements, uniq_joseph
D:8:      minmay_misc_feat_secret_circle, grunt_livestock
D:9:      kennysheep_little_box, overflow_temple_1_default
D:11:     grunt_lair_entry_orc_guard_hut, serial_ice, serial_ice_f,
          serial_ice_a, serial_ice_e, serial_ice_o, uniq_urug
D:12:     minmay_orc_entry_guard_dogs, uniq_psyche, uniq_sonja
D:13:     minmay_nested_s, uniq_maurice
Temple:   nicolae_temple_great_sept
Lair:1:   grunt_megastairs_4, infiniplex_staircase_pool, lemuel_fruit_fields,
          serial_bayou_shore_b, minmay_lair_oklob_chamber
Lair:2:   minmay_shoals_entry_lonely_mermaid, spider_nest_entry_rubble
Lair:3:   guppyfry_lair_drakes, uniq_prince_ribbit2
Lair:4:   nzn_motion_control, grunt_megastairs_5
Lair:5:   slime_altar_1
Lair:6:   gammafunk_lair_ancient_temple
Sewer:    sewer_frog_island_02

Skill      XL: |  1  2  3  4  5  6  7  8  9 10 11 12 13 14 |
---------------+-------------------------------------------+-----
Stealth        | 2 4 5 14 15 | 15.1
Short Blades   | 3 4 |  4.0
Dodging        | 4 5 |  5.0
Spellcasting   | 3 5 7 9 11 13 14 | 14.1
Translocations | 5 7 8 11 13 15 19 | 19.0
Evocations     | 2 6 |  6.0
Fighting       | 3 9 12 | 12.8
Throwing       | |  1.0

Action                   |  1- 3 |  4- 6 |  7- 9 | 10-12 | 13-15 || total
-------------------------+-------+-------+-------+-------+-------++-------
Melee: Short sword       |    98 |       |       |       |       ||    98
       Dagger            |   177 |   768 |       |    29 |    11 ||   985
       Rapier            |       |    93 |   261 |   267 |   238 ||   859
 Fire: Blowgun           |       |       |       |     1 |       ||     1
Throw: Tomahawk          |     1 |       |     2 |       |     1 ||     4
 Cast: Shroud of Golubri |    16 |    34 |    10 |    20 |    20 ||   100
       Gell's Gravitas   |       |    11 |    81 |   306 |   373 ||   771
       Blink             |       |       |       |     1 |     1 ||     2
       Summon Butterflie |       |       |       |       |   150 ||   150
Invok: Ancestor Identity |       |       |     1 |       |       ||     1
       Recall Ancestor   |       |       |     5 |    13 |    10 ||    28
       Ancestor Life: Kn |       |       |     1 |       |       ||     1
Evoke: Wand              |       |       |     1 |     6 |    15 ||    22
       Lightning rod     |       |       |       |       |     4 ||     4
  Use: Scroll            |     4 |       |     4 |    11 |     9 ||    28
       Potion            |       |     2 |     2 |       |     6 ||    10
 Stab: Sleeping          |     3 |     9 |     9 |     9 |    13 ||    43
       Distracted        |       |     1 |     6 |     7 |     8 ||    22
  Eat: Ration            |     1 |     5 |     2 |     7 |     6 ||    21
Armor: Robe              |    26 |    33 |    27 |    26 |    35 ||   147
       Skin              |       |       |       |       |     6 ||     6
Dodge: Dodged            |   189 |   466 |   305 |   278 |   295 ||  1533

Table legend:
 A = Spawn XP
 B = Non-spawn XP
 C = Spawn XP percentage of total XP
 D = Spawn monster count
 E = Non-spawn monster count
 F = Spawn count percentage of total count
 G = Total turns spent on level
                    A         B        C        D         E        F      G
               +---------+---------+-------+---------+---------+-------+---------
         Total |       0 |   99957 |   0.0 |       0 |     643 |   0.0 | 36341
               +---------+---------+-------+---------+---------+-------+---------
           D:1 |       0 |      48 |   0.0 |       0 |      16 |   0.0 |  2526
           D:2 |       0 |      85 |   0.0 |       0 |      27 |   0.0 |  2563
           D:3 |       0 |     170 |   0.0 |       0 |      43 |   0.0 |  1760
           D:4 |       0 |     116 |   0.0 |       0 |      13 |   0.0 |   844
           D:5 |       0 |     172 |   0.0 |       0 |       8 |   0.0 |   638
           D:6 |       0 |    1428 |   0.0 |       0 |      40 |   0.0 |  1095
           D:7 |       0 |    1492 |   0.0 |       0 |      32 |   0.0 |  1015
           D:8 |       0 |    2936 |   0.0 |       0 |      32 |   0.0 |  1709
           D:9 |       0 |    1275 |   0.0 |       0 |      27 |   0.0 |   740
          D:10 |       0 |    2328 |   0.0 |       0 |      28 |   0.0 |  1159
          D:11 |       0 |    3526 |   0.0 |       0 |      28 |   0.0 |  1805
          D:12 |       0 |    7489 |   0.0 |       0 |      40 |   0.0 |  2137
          D:13 |       0 |   22680 |   0.0 |       0 |      64 |   0.0 |  4056
        Lair:1 |       0 |    6717 |   0.0 |       0 |      32 |   0.0 |  2366
        Lair:2 |       0 |    5493 |   0.0 |       0 |      28 |   0.0 |  1758
        Lair:3 |       0 |    9388 |   0.0 |       0 |      24 |   0.0 |  2430
        Lair:4 |       0 |    3445 |   0.0 |       0 |      15 |   0.0 |  1937
        Lair:5 |       0 |    4241 |   0.0 |       0 |      12 |   0.0 |  2752
        Lair:6 |       0 |   26558 |   0.0 |       0 |      78 |   0.0 |  2579
         Sewer |       0 |     370 |   0.0 |       0 |      56 |   0.0 |   343
               +---------+---------+-------+---------+---------+-------+---------
